[Event "FTX Crypto Cup MCCT 2022"]
[Site "Miami"]
[Date "2022.08.11"]
[Round "3.4"]
[White "Carlsen, Magnus"]
[Black "Aronian, Levon"]
[Result "1/2-1/2"]
[ECO "E94"]
[WhiteElo "2864"]
[BlackElo "2775"]
[Annotator "TA"]
[PlyCount "86"]
[EventDate "2022.08.10"]
[EventType "tourn"]
[EventCountry "USA"]
[SourceTitle "playchess.com"]
[Source "ChessBase"]
[SourceQuality "1"]
[TimeControl "900+10"]

1. Nf3 Nf6 2. c4 g6 3. Nc3 Bg7 4. e4 O-O 5. d4 d6 6. Be2 e5 7. O-O h6 8. d5 Nbd7 9. Be3 Nh7 {[%emt 0:00:02] [#] E94: King's Indian: Classical: 6 Be2 e5 7 0-0: Various Black 7th moves.} 10. Qd2 $146 ({Predecessor:} 10. Qc1 h5 11. b4 f5 12. Ng5 Ndf6 13. Nxh7 Kxh7 14. Bg5 f4 15. g3 Bh3 16. Re1 Qd7 17. c5 {½-½ (58) San Segundo Carrillo,P (2505)-Mollaoglu,E (2375) Linares 1997}) 10... f5 11. exf5 gxf5 {[%emt 0:00:02] White is better.} 12. Bxh6 Bxh6 13. Qxh6 Rf6 14. Qh4 Ndf8 15. g3 Qe7 16. Qh5 (16. c5 $1 $16) 16... Qg7 $14 17. Nh4 Ng5 18. f4 (18. Kh1 $5 ) 18... exf4 19. gxf4 Ne4+ 20. Kh1 Rh6 $1 {[%emt 0:00:04] [#]} 21. Nxe4 $1 Rxh5 22. Bxh5 Qh6 $1 (22... fxe4 $2 23. Rg1 $16) 23. Ng3 {[%emt 0:00:06] 0x0.001b84be5515dp-1022s more active pieces.} Bd7 24. Rae1 {[%emt 0:00:02] White wants to play Nf3.} b5 (24... Kh8 $11) 25. c5 $1 $16 Qf6 $2 (25... dxc5 $16 26. Re5 Kh8) 26. Nf3 $18 (26. Rg1 Kh8 $18) 26... dxc5 (26... Ng6 $142 27. c6 Bxc6) 27. Rg1 Kh8 28. Ne5 Kh7 29. Bf7 (29. Re3 $142) 29... Be8 {[%emt 0:01:35] [#]} 30. Bxe8 ({Less strong is} 30. Nh5 Qh6 $18) (30. Bg8+ $1 $18 {[%mdl 512] and White stays clearly on top.} Kh6 (30... Kh8 31. Re3) 31. Re3) 30... Rxe8 $16 {[%emt 0:00:03] [#]} 31. Re3 $1 {[%emt 0:00:04] Strongly threatening Nh5.} Ng6 (31... Qd6 $16 {keeps fighting.}) 32. Nh5 $2 {[%emt 0:00:14] Pair of Knights!} (32. Ne2 $18) 32... Qh4 $36 {[%emt 0:00:02][%mdl 2048] Against Rh3. Black fights for an advantage. The position is equal.} 33. Nxg6 {[%emt 0:00:45] Really sharp!} Qxh5 34. Rxe8 {[%emt 0:00:02] Rh8+ would kill now.} Qf3+ 35. Rg2 {[%emt 0:00:01] Hoping for h4.} Qd1+ 36. Rg1 Qxd5+ 37. Rg2 Qd1+ 38. Rg1 Qf3+ 39. Rg2 {[%emt 0:00:00] aiming for h4.} Qf1+ 40. Rg1 {[%emt 0:00:01] White wants to mate with Nf8+.} Qf3+ 41. Rg2 Qd1+ 42. Rg1 {[%emt 0:00:00] Threatening mate with Nf8+.} Qd5+ 43. Rg2 Qd1+ {[%emt 0:00:00] Blacks defense is rewarded with a draw.  Weighted Error Value: White=0.40/Black=0.37} 1/2-1/2

[Event "FTX Crypto Cup MCCT 2022"]
[Site "Miami"]
[Date "2022.08.11"]
[Round "3.4"]
[White "Firouzja, Alireza"]
[Black "Giri, Anish"]
[Result "1/2-1/2"]
[ECO "E46"]
[WhiteElo "2793"]
[BlackElo "2760"]
[Annotator "TA"]
[PlyCount "98"]
[EventDate "2022.08.10"]
[EventType "tourn"]
[EventCountry "USA"]
[SourceTitle "playchess.com"]
[Source "ChessBase"]
[SourceQuality "1"]
[TimeControl "900+10"]

1. d4 Nf6 2. c4 e6 3. Nc3 Bb4 4. e3 O-O 5. Bd2 c5 6. a3 {[%emt 0:00:02] E46: Nimzo-Indian: Rubinstein: 4 e3 0-0 5 Ne2 without early Bd3.} Bxc3 7. Bxc3 Ne4 8. Ne2 b6 9. d5 Ba6 10. Qd3 exd5 11. Qxd5 Qe7 {[%emt 0:00:01][%cal Of8e8] [#]} 12. Rd1 $146 (12. Qxa8 Nc6 13. Qxf8+ Kxf8 $17) ({Predecessor:} 12. g3 Nc6 13. Bg2 Rae8 14. O-O Nxc3 15. Nxc3 Na5 16. Nb5 Bb7 17. Qd3 Bxg2 18. Kxg2 {1-0 (39) Bluebaum,M (2660)-Swiercz,D (2649) chess24.com INT 2020}) 12... Nc6 $40 {[%emt 0:03:24][%mdl 128] Inhibits Be5. Black is up to no good.} 13. b3 Rad8 14. Bb2 $1 Bb7 15. Ng3 $1 Na5 16. Qh5 (16. Nf5 $14 Qe6 17. Qe5) 16... g6 $1 $11 17. Qh6 f6 18. Bd3 Nxb3 19. f3 Ng5 {[%emt 0:00:37] Pair of Knights!} 20. Kf2 d5 (20... Na5 $17 {White should prevent ...Nf7.} 21. h4 Nf7) 21. Bxg6 hxg6 22. h4 Nh7 23. Qxg6+ Kh8 24. cxd5 Rg8 25. Qh6 {[%emt 0:01:13] Strongly threatening Nh5.} Qg7 $1 (25... Rxd5 26. Rxd5 Bxd5 27. Nh5 $14) 26. Qf4 (26. Qxg7+ $11 Kxg7 27. Nf5+ Kf8 28. e4) 26... Bxd5 $19 ({Inferior is} 26... Rxd5 27. Rxd5 Bxd5 28. Rd1 $17) 27. Rhg1 Be6 28. Rxd8 Rxd8 29. Bc3 {[%emt 0:00:55] Prevents Rd2+.} c4 $1 30. Ne4 Nc5 (30... Rd3 $1 $17 {Hoping for ...Bd5.} 31. g4 Nc5 32. Nxc5 bxc5) 31. Nxc5 $15 bxc5 32. g4 ({White should play} 32. Rb1 $1 $15) 32... Rd3 $19 33. Rc1 Qd7 {[%emt 0:00:08][%cal Od3c3] ...Rxc3! is the strong threat.} 34. e4 Rxc3 $2 35. Rxc3 $11 Qd4+ 36. Qe3 Nf8 37. Kg3 (37. Rc2 $11) 37... Nd7 $1 $17 38. Qh6+ Kg8 39. Rc1 c3 {[%emt 0:00:22] Threatens to win with ...Kf7.} 40. Qg6+ (40. h5 $17 {might work better.}) 40... Kf8 $19 41. h5 {[%emt 0:00:14] [#]} Qd6+ $1 ({And not} 41... Qd2 42. h6 Qxc1 43. Qg7+ Ke8 44. h7 Qg1+ 45. Kh3 Qh1+ 46. Kg3 Qg1+ 47. Kh3 Qf1+ 48. Kg3 Qg1+ $11) 42. Kh3 $2 (42. e5 Qxe5+ 43. Kg2) 42... Qd2 (42... Qf4 $142 43. Rxc3 Ne5) 43. h6 {[%emt 0:00:18] [#]} Qxc1 $2 (43... Ke7 $1 $19 44. Ra1 (44. Qg7+ $2 Kd6 $19) 44... c2) 44. Qg7+ $11 Ke8 {[%emt 0:00:01] ( -> ...Qf1+)} 45. h7 {[%emt 0:00:00] The position is equal.} Qh1+ 46. Kg3 Qg1+ 47. Kh3 Qh1+ 48. Kg3 {[%emt 0:00:01] Dancing on a razor blade.} Qg1+ 49. Kh3 Qh1+ {[%emt 0:00:01] Weighted Error Value: White=0.35/Black=0.31} 1/2-1/2

[Event "FTX Crypto Cup MCCT 2022"]
[Site "Miami"]
[Date "2022.08.11"]
[Round "3.4"]
[White "Praggnanandhaa R"]
[Black "Niemann, Hans Moke"]
[Result "1-0"]
[ECO "D35"]
[WhiteElo "2648"]
[BlackElo "2688"]
[Annotator "TA"]
[PlyCount "127"]
[EventDate "2022.08.10"]
[EventType "tourn"]
[EventCountry "USA"]
[SourceTitle "playchess.com"]
[Source "ChessBase"]
[SourceQuality "1"]
[TimeControl "900+10"]

1. d4 Nf6 2. c4 e6 3. Nc3 d5 4. cxd5 exd5 5. Bg5 c6 6. e3 Bf5 7. Qf3 Bg6 8. Bxf6 Qxf6 9. Qxf6 gxf6 10. Nf3 Nd7 {[%emt 0:00:07] D35: Queen's Gambit Declined: Exchange Variation.} 11. Nh4 Nb6 12. f4 f5 {[%emt 0:00:09] The position is equal.} 13. Bd3 Nc4 14. Bxc4 dxc4 15. Kf2 O-O-O 16. a4 {[%emt 0:01:45] [#]} Be7 $146 ({Predecessor:} 16... c5 17. d5 Bg7 18. Rhd1 Rd6 19. Rd2 Rhd8 20. Rad1 Rb6 21. d6 Kd7 22. Nb5 Bf6 {½-½ (31) Williams,S (2439)-Hawkins,J (2563) London 2015}) 17. Nf3 f6 18. Nh4 Bb4 19. Rhc1 Rhe8 20. Nd1 (20. Rc2 $14) 20... Bf7 $1 $11 21. Nxf5 c5 $1 22. Nh6 Be6 23. f5 $36 {[%emt 0:00:19][%mdl 2048] Black is under pressure.} Bd5 24. Nc3 Bc6 25. Rd1 cxd4 26. exd4 Ba5 27. Rd2 Bb6 {[%emt 0:01:01] This bishop pair is nice.} 28. Rad1 Be4 (28... Re7 $11) 29. Nxe4 ({White has to play} 29. Nf7 $1 $16 Bxf5 30. Nxd8 Kxd8 31. Re2) 29... Rxe4 30. Kf3 Rexd4 31. Rxd4 Rxd4 {[%emt 0:00:00][%mdl 4096] Endgame KRB-KRN} 32. Rc1 Rd3+ 33. Ke4 Rd4+ 34. Kf3 Rd3+ 35. Kg4 Rd2 36. Rxc4+ Kd7 37. Kh3 Rxb2 38. Ng8 Kd6 (38... Bd8 $11) 39. Re4 $1 $18 (39. Nxf6 $6 Ke5 40. Nxh7 Kxf5 $14) 39... Rf2 40. g4 (40. Nxf6 Rxf5 41. Ne8+ Kc6 $11) 40... Kc5 $2 (40... Bc7 $16) 41. Kg3 ({Not} 41. Nxf6 Bc7 42. g5 h5 43. gxh6 (43. Nxh5 Rxh2+ 44. Kg4 Rg2+ 45. Kh4 Rh2+ 46. Kg4 Rg2+ 47. Kh4 Rh2+ 48. Kg4 $11) 43... Rxh2+ 44. Kg4 Rxh6 $16) 41... Ra2 42. h4 $2 (42. Nxf6 $18 {Strongly threatening g5.} Ra3+ 43. Kf2) 42... Bc7+ $11 43. Kf3 Be5 (43... Ra3+ $1 $11 44. Ke2 Ra2+ 45. Kd1 Ra1+ 46. Ke2 Ra2+ 47. Kf1 Ra1+ 48. Kg2 Ra2+ 49. Kf3 Ra3+ 50. Ke2 Ra2+) 44. g5 $18 Ra3+ 45. Kg4 Rg3+ 46. Kh5 Kd5 47. Re2 (47. Nxf6+ $18 {is the precise move to win.} Bxf6 48. Rb4) 47... fxg5 $16 48. hxg5 {[%emt 0:00:11] Threatens to win with Nf6+.} Rh3+ 49. Kg4 Rg3+ 50. Kh4 Rg1 {[%emt 0:00:29] [#]} (50... Rf3 $16) 51. Nf6+ $1 $18 ({Worse is} 51. Ne7+ Kd6 $11) 51... Kd6 52. Ne8+ $2 ({Better is} 52. Ne4+ $18 Kd5 53. f6) 52... Kd5 $11 53. Nf6+ $2 (53. a5 $11) 53... Kd6 $1 $18 54. Ne4+ Kd5 55. Nf2 $2 (55. f6 $18) 55... Rg2 $1 $11 {[%emt 0:00:19] And now ...Bg3+ would win.} 56. Rd2+ Bd4 57. Ne4 Rg1 {[%emt 0:00:52][%mdl 8192] [#]} (57... Rxd2 $11 58. Nxd2 b6) 58. Ng3 $1 $18 Ra1 59. Ne2 Ke5 60. Nxd4 Rxa4 {[%emt 0:00:01] [#]} 61. f6 $1 {[%emt 0:00:07] White mates.} Ra1 (61... Kd6 62. Kh5) 62. Nf3+ Ke6 63. Re2+ Kf7 64. Re7+ {[%emt 0:00:03] Weighted Error Value: White=0.24 (precise) /Black=0.40} 1-0

[Event "FTX Crypto Cup MCCT 2022"]
[Site "Miami"]
[Date "2022.08.11"]
[Round "3.5"]
[White "Giri, Anish"]
[Black "Firouzja, Alireza"]
[Result "1/2-1/2"]
[ECO "E04"]
[WhiteElo "2760"]
[BlackElo "2793"]
[Annotator "TA"]
[PlyCount "88"]
[EventDate "2022.08.10"]
[EventType "tourn"]
[EventCountry "USA"]
[SourceTitle "playchess.com"]
[Source "ChessBase"]
[SourceQuality "1"]
[TimeControl "300+3"]

1. d4 Nf6 2. c4 e6 3. Nf3 d5 4. g3 dxc4 5. Bg2 c5 6. O-O Nc6 7. Qa4 Bd7 8. Qxc4 b5 9. Qc3 {[%emt 0:00:01] E04: Open Catalan: 5 Nf3.} b4 10. Qd3 Rc8 11. Bf4 cxd4 12. Nbd2 Nd5 13. Be5 Nxe5 14. Nxe5 Be7 15. Rfc1 O-O 16. Nb3 Bf6 17. Ng4 {[%emt 0:00:01] [#]} Bg5 $146 ({Predecessor:} 17... Be7 18. Nxd4 Qb6 19. Ne5 Rxc1+ 20. Rxc1 Rc8 21. Rxc8+ Bxc8 22. Bxd5 exd5 23. Qf3 Be6 24. Nxe6 {½-½ (24) Deac,B (2671)-Yilmaz,M (2631) Sharjah 2022}) 18. Rxc8 Bxc8 19. h4 Be7 20. Qxd4 Qb6 21. Qxb6 axb6 22. Rc1 Ba6 23. Nd4 (23. Bxd5 $5 exd5 24. Kf1 $11) 23... Bc5 {[%emt 0:00:18] The position is equal.} 24. e3 Rc8 25. Ne5 Bd6 26. Rxc8+ Bxc8 27. Nc4 Bc5 28. Nb3 Ba6 29. Bf1 Bxc4 30. Bxc4 $11 {[%emt 0:00:01][%mdl 4096] Endgame KBN-KBN} Bd6 31. Nd4 Nf6 32. Kf1 Kf8 33. Ke2 Ke7 34. Bb5 h5 35. Bc6 g6 36. Bf3 Nd7 (36... e5 $5 37. Nb3 e4 $11) 37. Bg2 Ne5 38. Nc6+ Nxc6 39. Bxc6 {[%emt 0:00:00] KB-KB} Be5 40. b3 Bc3 41. Kd3 Be1 42. Ke2 Bc3 43. Kd3 Be1 44. Ke2 Bc3 {[%emt 0:00:00] An interesting draw.  Weighted Error Value: White=0.04 (flawless) /Black=0.03 (flawless)} 1/2-1/2

[Event "FTX Crypto Cup MCCT 2022"]
[Site "Miami"]
[Date "2022.08.11"]
[Round "3.6"]
[White "Firouzja, Alireza"]
[Black "Giri, Anish"]
[Result "1/2-1/2"]
[ECO "C92"]
[WhiteElo "2793"]
[BlackElo "2760"]
[Annotator "TA"]
[PlyCount "132"]
[EventDate "2022.08.10"]
[EventType "tourn"]
[EventCountry "USA"]
[SourceTitle "playchess.com"]
[Source "ChessBase"]
[SourceQuality "1"]
[TimeControl "300+3"]

1. e4 e5 2. Nf3 Nc6 3. Bb5 a6 4. Ba4 Nf6 5. O-O Be7 6. d3 b5 7. Bb3 d6 8. c3 O-O 9. h3 Bb7 10. Re1 Na5 11. Bc2 c5 12. Nbd2 Nc6 13. Nf1 {[%emt 0:00:02] C92: Closed Ruy Lopez: 9...Be6, Karpov and Flohr-Zaitsev Variations.} Re8 14. Ng3 h6 15. Bd2 Bf8 16. Nh2 d5 17. Ng4 dxe4 (17... d4 {feels hotter.} 18. Nf5 Bc8 19. a4 Rb8) 18. dxe4 Nxg4 19. hxg4 {[%emt 0:00:02] [#]} c4 $146 ({Predecessor:} 19... g6 20. Nf1 Bc8 21. a4 Be6 22. axb5 axb5 23. Rxa8 Qxa8 24. Qe2 c4 25. Ne3 Rd8 {½-½ (35) Wantiez,F (2322)-Sonntag,H (2368) Belgium 2015}) 20. Qe2 Qf6 21. Nf5 Ne7 22. Be3 g6 23. Ng3 (23. Nxh6+ $2 Bxh6 24. Bxh6 g5 25. Bxg5 Qxg5 $19) 23... Nc6 24. a4 {[%emt 0:00:07] [#]} Nd4 $1 25. cxd4 exd4 26. Bd2 {[%emt 0:00:09] Threatens to win with e5.} d3 27. Bxd3 cxd3 28. Qxd3 Rad8 (28... Qxb2 $2 29. Bc3 Qb3 30. Qd4 Qxc3 31. Qxc3 $18) (28... b4 $5 ) 29. Qe3 (29. Qc3 $11 Qh4 30. axb5 axb5 31. Qa5 (31. Ra7 Rd7 $11)) 29... Qxb2 (29... b4 $1 $15 30. Bc1 Rc8) 30. Bc3 $11 Qc2 (30... Qb3 $1 $11) 31. Rac1 $36 {[%emt 0:00:12][%mdl 2048] White is pushing.} (31. Rec1 $5 Qb3 32. Rab1 $14) 31... Qd3 (31... Qxa4 $2 32. Qb6 b4 33. Ba1 $18 (33. Qxb7 $2 bxc3 34. e5 Bg7 $19)) (31... Qb3 $11) 32. Qb6 $16 {[%emt 0:00:02] aiming for Qf6.} Rc8 (32... b4 $2 33. Bb2 (33. Bxb4 Qd4 $11) 33... Qd6 34. Qxb7 $18) 33. Ba1 ({And not} 33. Qf6 Rxc3 $1 34. Rxc3 Qd2 $11) (33. Red1 $18 Rxc3 34. Rxd3 Rxc1+ 35. Kh2) 33... Rxc1 34. Rxc1 {[%emt 0:00:01] Intending Qf6 and mate.} Qa3 35. Rf1 Qe7 (35... Bxe4 $2 36. Nxe4 Bg7 37. Nf6+ Kh8 38. Nxe8 $18) 36. axb5 axb5 37. Qxb5 Bg7 {[%emt 0:00:06] Against Qb2} 38. Bxg7 Kxg7 39. Re1 Bc8 40. f3 {[%emt 0:00:08] White is much more active.} Qa7+ 41. Kh2 Qe7 {[%emt 0:00:00] And now ...Qh4+ would win.} 42. Qb2+ Kg8 43. Qf2 Be6 44. e5 Qh4+ 45. Kg1 Qg5 ({Black should play} 45... Bd5) 46. f4 Qh4 (46... Qxg4 $2 47. Ne4 Kf8 48. Nf6 $18) 47. f5 gxf5 48. gxf5 ({Don't play} 48. Nxf5 Qxf2+ 49. Kxf2 Kh7 $14) 48... Bd5 {[%emt 0:00:01] [#] Prevents Re4.} 49. Qe3 (49. Ne4 $1 $16 Qxf2+ 50. Kxf2 Bxe4 51. Rxe4) 49... Qg4 {[%emt 0:00:04] [#]} (49... Kh7 $14) 50. Rf1 ({White should try} 50. Ne4 $1 $16 {[%cal Re4f6] Nf6+ would kill now.} Bxe4 51. Qxe4 Qxe4 52. Rxe4) 50... h5 $2 (50... Rb8 $11 {and Black has nothing to worry.} 51. Qf4 Qxf4 52. Rxf4 Re8) 51. Rf2 $2 ({White must play} 51. Rf4 $18 Qg7 52. e6) 51... h4 52. Nf1 h3 $1 53. Qxh3 (53. Nh2 $14 Qg7 54. Qxh3 Rxe5 55. Nf1) 53... Qxh3 $11 {[%emt 0:00:01] The position is equal.} 54. gxh3 {[%emt 0:00:00] Hoping for Re2.} Rxe5 $14 {[%emt 0:00:01][%mdl 4096] Endgame KRB-KRN} 55. Kh2 Kg7 56. Ng3 Kf6 57. h4 Re3 58. Kh3 Bf3 59. Ra2 Ke5 60. Ra5+ Kf4 {[%emt 0:00:05] ( -> ...Bc6)} 61. Ra4+ Ke5 62. Kh2 Rd3 63. Ra5+ Kf4 64. Ra4+ Ke5 65. Ra5+ Kf4 {[%emt 0:00:01] ...Rd2+ is the strong threat.} 66. Ra4+ Ke5 {[%emt 0:00:01] Weighted Error Value: White=0.27 (precise) /Black=0.23 (precise)} 1/2-1/2

[Event "FTX Crypto Cup MCCT 2022"]
[Site "Miami"]
[Date "2022.08.11"]
[Round "3.7"]
[White "Firouzja, Alireza"]
[Black "Giri, Anish"]
[Result "1-0"]
[ECO "C84"]
[WhiteElo "2793"]
[BlackElo "2760"]
[Annotator "TA"]
[PlyCount "113"]
[EventDate "2022.08.10"]
[EventType "tourn"]
[EventCountry "USA"]
[SourceTitle "playchess.com"]
[Source "ChessBase"]
[SourceQuality "1"]
[TimeControl "300"]

1. e4 e5 2. Nf3 Nc6 3. Bb5 a6 4. Ba4 Nf6 5. O-O Be7 6. d3 b5 7. Bb3 d6 8. c3 O-O 9. h3 $1 {[%emt 0:00:01][%mdl 4] is recently more successful than 9.Re1. C84: Closed Ruy Lopez: Unusual White 6th moves.} Bb7 10. a4 Na5 {[%emt 0:00:08] [#]} 11. Ba2 $146 {[%emt 0:00:02] The position is equal.} ({Predecessor:} 11. Bc2 c5 12. Re1 Re8 13. Nbd2 Bf8 14. Nf1 g6 15. Ng3 Bg7 16. Nh2 d5 17. Qf3 {1-0 (59) Lechner,M (2000)-Islam,M (1788) London 2016}) 11... c5 12. Na3 {[%emt 0:00:02] Inhibits c4.} Qd7 13. Bg5 bxa4 14. Nh4 Rab8 (14... h6 $11 {remains equal.} 15. Bxf6 Bxf6) 15. Nf5 $16 Bd8 {[%emt 0:00:00] [#]} 16. f4 $1 exf4 (16... Bc6 $16 {was worth a try.}) 17. Rxf4 (17. Bxf4 $18 Bc7 {[#]} 18. Bh6 $1 gxh6 19. Qd2) 17... Nb3 18. Bxb3 axb3 19. Qf3 ({Reject} 19. Qxb3 $6 Nh5 20. Qd1 g6 21. Nh6+ Kg7 22. Nf5+ Kh8 23. Bxd8 Rbxd8 $15) (19. Nc4 $16) 19... Ne8 $11 20. Bxd8 Rxd8 21. Qg3 f6 22. Raf1 {[%emt 0:00:05][%mdl 1024] White has compensation.} Bc8 23. Nc4 Qb7 24. Nce3 Be6 25. R4f3 (25. Ra1 $11 {feels stronger.}) 25... a5 (25... Kh8 $5 ) 26. Ra1 Qc7 ({Black should play} 26... Ra8 $11) 27. d4 (27. Nd5 $1 $14 {might be stronger.} Qd7 28. Rxa5) 27... cxd4 28. Nxd4 {[%emt 0:00:01] Pair of Knights!} Bf7 29. Nd5 Bxd5 30. exd5 Qc5 31. Kh2 Qxd5 32. Rf5 Qf7 33. Rfxa5 {[%emt 0:00:01] Re1 is the strong threat.} Rd7 (33... g6 $1 $11) 34. Nf5 {[%emt 0:00:04] 0x0.0016826de8b0dp-1022s more active pieces. The black rooks are badly placed.} Kh8 35. Re1 g6 36. Nd4 $36 {[%emt 0:00:04][%mdl 2048] White has good play.} Ng7 37. Qf3 d5 38. Ra6 ({Don't play} 38. Nxb3 Rb7 39. Ra3 Nh5 $15) 38... Rb8 $2 {[%emt 0:00:02][%mdl 8192] Loses the game.} (38... Rdd8 $11) 39. Rxf6 $18 Qg8 40. Rf1 $2 (40. Nc6) 40... Rdd8 $2 (40... Nh5) 41. Nc6 $1 Nf5 42. Nxb8 Rxb8 43. g4 Qd8 44. Re6 (44. Qf4 $142 Ra8 45. Qe5 (45. gxf5 Qxf6 46. fxg6 Qxf4+ 47. Rxf4 Ra2 $11)) 44... Ng7 45. Re5 Qd6 46. Qxd5 Qc7 47. Qc5 (47. Rf7 $142 Qd8 48. Qxd8+ Rxd8 49. Ree7) 47... Qd8 48. Rd5 (48. Re7 $142 h6 49. Rff7 Qd2+ 50. Rf2 Qg5 51. Qxg5 hxg5 52. Rff7 Rg8 53. c4) 48... Qe8 49. Qf2 Ra8 50. Re1 Qb8+ 51. Rde5 Qg8 52. Qe2 Ra2 53. Re4 {[%emt 0:00:02] Threatens to win with Re7.} Qb8+ 54. Kg2 {[%emt 0:00:01] aiming for Re7.} Qc8 55. Rf1 {[%emt 0:00:01] Black must now prevent Re7.} Kg8 56. Rd4 (56. Re7 $142 {White threatens Qe5 and mate.} Ne6 57. Qf2 Qc6+ 58. Kg1) 56... Qxc3 57. Rd8+ {[%emt 0:00:01] Weighted Error Value: White=0.65/Black=0.60} 1-0

[Event "FTX Crypto Cup MCCT 2022"]
[Site "Miami"]
[Date "2022.08.11"]
[Round "4.1"]
[White "Carlsen, Magnus"]
[Black "Le, Quang Liem"]
[Result "1/2-1/2"]
[ECO "C56"]
[WhiteElo "2864"]
[BlackElo "2722"]
[Annotator "TA"]
[PlyCount "73"]
[EventDate "2022.08.10"]
[EventType "tourn"]
[EventCountry "USA"]
[SourceTitle "playchess.com"]
[Source "ChessBase"]
[SourceQuality "1"]
[TimeControl "900+10"]

1. e4 e5 2. Nf3 Nc6 3. Bc4 Nf6 4. d4 exd4 5. e5 d5 6. Bb5 Ne4 7. Nxd4 Bd7 8. Bxc6 bxc6 9. O-O Be7 10. f3 Nc5 11. f4 O-O 12. f5 Ne4 13. Nb3 {[%emt 0:01:30] C56: Two Knights: 4 d4 exd4 5 0-0 Nxe4.} Re8 14. N1d2 $1 {[%emt 0:00:19] Black must now prevent Nxe4.} Bf8 15. Nxe4 dxe4 16. Qd4 {[%emt 0:00:02] [#]} Qe7 $146 {[%emt 0:01:30] [#]} (16... Bc8 $11) ({Predecessor:} 16... Bc8 17. Qc3 Qd5 18. Bf4 Bxf5 19. Rad1 Qb5 20. Rd4 c5 21. Rc4 Be6 22. Rxe4 Rab8 {0-1 (51) Vocaturo,D (2598)-Gledura,B (2605) Barcelona 2017}) 17. f6 $1 $16 gxf6 18. exf6 Qd6 19. Qf2 (19. Qc3 $5 ) 19... Qe5 20. Be3 Bd6 21. Qh4 {[%emt 0:00:38] Threatens to win with Bf4.} Kh8 $1 22. Rae1 ({But not} 22. Qh6 Rg8 23. Bd4 Qb5 $17) (22. Bh6 $11) 22... Rg8 $1 $15 {[%emt 0:01:53] And now ...Rg4 would win.} 23. Bf4 Qxb2 {[%emt 0:00:30] Strongly threatening ...Rg4.} 24. Bxd6 cxd6 (24... Rg4 $2 {[#]} 25. Qh5 $1 cxd6 26. Qxf7 $16) 25. Qxe4 Rae8 {[%emt 0:00:40] Prevents Qe7.} 26. Qd3 Rxe1 27. Rxe1 Qxf6 28. Rf1 Qg7 ({Black should try} 28... Qe6 $15) 29. Rf2 $11 {[%emt 0:00:02] Active counter play! The position is equal.} Be6 30. Qxd6 Bd5 31. g3 Re8 32. Re2 Rxe2 33. Qd8+ Qg8 34. Qf6+ Qg7 35. Qd8+ Qg8 36. Qf6+ Qg7 37. Qd8+ {[%emt 0:00:01] Weighted Error Value: White=0.09 (flawless) /Black=0.10 (very precise)} 1/2-1/2

[Event "FTX Crypto Cup MCCT 2022"]
[Site "Miami"]
[Date "2022.08.11"]
[Round "4.1"]
[White "Firouzja, Alireza"]
[Black "Duda, Jan-Krzysztof"]
[Result "1-0"]
[ECO "C65"]
[WhiteElo "2793"]
[BlackElo "2750"]
[Annotator "TA"]
[PlyCount "119"]
[EventDate "2022.08.10"]
[EventType "tourn"]
[EventCountry "USA"]
[SourceTitle "playchess.com"]
[Source "ChessBase"]
[SourceQuality "1"]
[TimeControl "900+10"]

1. e4 e5 2. Nf3 Nc6 3. Bb5 Nf6 4. d3 Bc5 5. Bxc6 dxc6 6. Nbd2 {[%emt 0:00:01] C65: Ruy Lopez: Berlin Defence (3...Nf6), unusual lines and 4 0-0 Bc5.} Nd7 7. Nc4 f6 {[%emt 0:00:08] 7...f6 scores better than 7...0-0.} 8. c3 {[%emt 0:00:01] The position is equal.} Nf8 {[%emt 0:00:23] [#]} 9. Be3 $146 ({Predecessor:} 9. d4 exd4 10. cxd4 Be6 11. b3 Be7 12. O-O Ng6 13. Ne3 Qd7 14. Qc2 O-O 15. Rd1 {½-½ (52) Iljiushenok,I (2539)-Goryachkina,A (2592) Sochi 2020}) 9... Bb6 10. d4 exd4 11. Nxd4 Qe7 12. O-O Bxd4 13. Bxd4 (13. cxd4 Qxe4 14. f3 Qd5 $15) 13... Ne6 14. Ne3 Nxd4 15. Qxd4 O-O 16. Rad1 Be6 17. c4 a5 (17... Rfd8 $5 18. Qc3 b6 $11) 18. Qc3 Qb4 19. Qc2 Rfd8 20. h3 Rd6 21. Rxd6 cxd6 22. Rd1 a4 23. a3 Qc5 24. Rd3 Kf7 25. Qd1 Ke7 26. Nf5+ Bxf5 27. exf5 {[%emt 0:00:00] Strongly threatening Qg4.} Qxf5 (27... Rd8 $14) 28. Rxd6 $14 {[%emt 0:00:46][%mdl 4096] Endgame KQR-KQR} Re8 29. g4 Qa5 30. Rd7+ Kf8 31. Qd6+ $1 Kg8 32. Rxb7 Qe1+ 33. Kg2 Qe4+ 34. Kh2 {[%emt 0:00:17] White is more active.} (34. Kg3 $16) 34... Qe2 35. Qg3 Re5 36. Kg2 h5 37. Qf3 (37. gxh5 $2 Rg5 38. Qxg5 (38. Rb8+ $2 Kh7 $19) 38... fxg5 $19) 37... hxg4 38. Rb8+ Kf7 (38... Kh7 $1 $11 {keeps the balance.} 39. hxg4 Qxc4) 39. Qxe2 $1 $16 {[%emt 0:00:03] Chess con chili.} (39. Qxc6 {is a self mate.} gxh3+ 40. Kh1 Qf1+ 41. Kh2 Qxf2+ 42. Kxh3 Rh5+ 43. Kg4 Rh4#) (39. hxg4 Qxc4 40. Rb4 Qc2 $11) 39... Rxe2 40. hxg4 {[%emt 0:00:03] KR-KR} Re4 41. Rb4 {[%emt 0:00:07] aiming for Kf3.} Rxg4+ 42. Kf3 f5 43. Rxa4 g5 44. Ra5 (44. b3 $5 ) 44... Rf4+ 45. Ke2 {[%emt 0:00:16] Rc5 is the strong threat.} Ke6 46. Rc5 Kd6 47. b4 g4 $2 (47... Re4+ $1 $11 {and Black is okay.} 48. Kf1 Rf4) 48. a4 $18 {[%emt 0:00:24] Hoping for a5.} Re4+ 49. Kf1 $1 Rd4 50. a5 {[%emt 0:00:17] And now a6 would win.} ({Weaker is} 50. Rxf5 Rxc4 51. b5 Rxa4 $11) 50... f4 51. a6 ({White should play} 51. Ke2 $18) 51... Rd1+ $16 {[%emt 0:00:04] [#]} 52. Kg2 $1 {[%emt 0:00:56] Intending a7 and mate.} Ra1 {[%emt 0:00:00] [#]} 53. Rf5 $1 g3 $2 (53... Rxa6 $16 54. c5+ (54. Rxf4 Ra2 $16) 54... Ke6 55. Rxf4 Kd5 56. Rxg4 Ra4) 54. Ra5 {[%emt 0:00:46] White mates.} Rxa5 55. bxa5 {[%emt 0:00:02] KP-KP} Kc7 56. fxg3 fxg3 57. Kxg3 Kb8 58. Kf4 Ka7 59. Ke5 Kxa6 60. Kd6 {[%emt 0:00:01] Weighted Error Value: White=0.08 (flawless) /Black=0.30} 1-0